 Dungeon Crawl Stone Soup version 0.31.0-11-ge490571c62 (webtiles) character file.

Game seed: 18337904132113374921

75 qw the Shooter (level 4, -1/22 HPs)
             Began as a Spriggan Hunter on Feb 4, 2024.
             Slain by a gnoll
             ... wielding a +0 halberd of venom
              (11 damage)
             ... on level 2 of the Dungeon.
             The game lasted 00:01:12 (1058 turns).

qw the Shooter (Spriggan Hunter)                    Turns: 1058, Time: 00:01:13

Health: -1/22      AC:  5    Str:  7    XL:     4   Next: 11%
Magic:  5/5        EV: 19    Int: 10    God:
Gold:   52         SH:  0    Dex: 20    Spells: 3/3 levels left

rFire   . . .        a - +1 shortbow
rCold   . . .        (shield currently unavailable)
rNeg    . . .        c - +0 robe
rPois   .            (helmet restricted)
rElec   .            j - +2 cloak
rCorr   .            (gloves unavailable)
SInv    +            (boots unavailable)
Will    .....        (no amulet)
Stlth   ++           (no ring)
HPRegen 0.23/turn    (no ring)
MPRegen 0.09/turn

%: no passive effects
@: lethally poisoned (-1 -> -3), very quick
A: very small, no large weapons, unfitting armour, see invisible, speed 3
a: no special abilities


You were on level 2 of the Dungeon.
You visited 1 branch of the dungeon, and saw 2 of its levels.

You collected 52 gold pieces.


Innate Abilities, Weirdness & Mutations

You are very small and have problems with some larger weapons.
You are too small for most types of armour.
You have supernaturally acute eyesight. (SInv)
You cover ground extremely quickly. (Speed+++)


   Skills:
 - Level 1.5 Fighting
 - Level 5.0 Ranged Weapons
 + Level 4.4 Dodging
 - Level 1.5 Stealth


You had 3 spell levels left.
You didn't know any spells.
Your spell library was empty.

Inventory:

Hand Weapons
 a - a +1 shortbow (weapon)
Armour
 c - a +0 robe (worn)
 j - a +2 cloak (worn)
Jewellery
 e - a ring of positive energy
Potions
 b - a potion of heal wounds {unknown}
 d - a potion of haste {unknown}
 h - a potion of curing {unknown}

Dungeon Overview and Level Annotations

Branches:
Dungeon (2/15)

Altars:


Message History

The gnoll hits you but does no damage.
Enter note:
Enter note:
1045 ||| RETREEEEATING.
The gnoll attacks as it pursues you! The gnoll completely misses you.
Enter note:
1046 ||| RETREEEEATING.
Enter note:
1047 ||| RETREEEEATING.
Enter note:
1048 ||| RETREEEEATING.
Enter note:
1049 ||| RETREEEEATING.
You shoot an arrow. The arrow hits the gnoll.
The gnoll is heavily wounded.
Enter note:
1051 ||| RETREEEEATING.
You shoot an arrow. The arrow barely misses the gnoll.
You shoot an arrow.
The arrow hits the gnoll but does no damage.
The gnoll is heavily wounded.
The gnoll misses you. The gnoll completely misses you.
You shoot an arrow. The arrow closely misses the gnoll.
The gnoll hits you but does no damage. The gnoll completely misses you.
You shoot an arrow. The arrow closely misses the gnoll.
The gnoll barely misses you.
The gnoll hits you from afar with a +0 halberd of venom!
You are poisoned.
1056 ||| RETREEEEATING.
You feel sick.
You shoot an arrow. The arrow hits the gnoll.
You kill the gnoll!
You feel sick.
You have reached level 4!
You shoot an arrow. The arrow hits the gnoll.
The gnoll is moderately wounded.
You feel sick.
The gnoll hits you from afar with a +0 halberd of venom!
Ouch! That really hurt!
You die...

#......###...........#..
###..>...#
#...#######....
.%...%.%..###..# ##.##
#.##..####g.#..# #.#
...... ##g...# ##.#
...... ##.g.## #..#
....... ##...## #.##
.############gg..# ##.#
#...@)....## ##..#
#.######...# #..##
##..####.## ##......#
#.##..### #.##....####
#..#.##.....
##...####### ##....# #


You could see 2 gnolls.

Vanquished Creatures
  A gnoll (D:2)
  2 adders
  A dart slug (D:2)
  A ribbon worm (D:2)
  4 endoplasms (D:1)
  6 goblins
  4 hobgoblins
  8 kobolds
  A quokka (D:2)
  6 ball pythons
  7 bats
  A frilled lizard (D:1)
  2 rats (D:1)
44 creatures vanquished.

Notes
Turn   | Place    | Note
-------+----------+-------------------------------------------
     0 | D:1      | qw the Spriggan Hunter began the quest for the Orb.
     0 | D:1      | Reached XP level 1. HP: 10/10 MP: 2/2
     0 | D:1      | 0 ||| qw: Version: 0.3-a-160-g6735b56
     0 | D:1      | 0 ||| qw: Game counter: 5914
     0 | D:1      | 0 ||| qw: Melee chars always use a shield: true
     0 | D:1      | 0 ||| qw: God list: Okawaru
     0 | D:1      | 0 ||| qw: Allow faded altars: false
     0 | D:1      | 0 ||| qw: Do Orc after clearing Dungeon:15 true
     0 | D:1      | 0 ||| qw: Do second Lair branch before Depths: true
     0 | D:1      | 0 ||| qw: Lair rune preference: random
     0 | D:1      | 0 ||| qw: Goals: Normal
     0 | D:1      | 0 ||| PLANNING D:1-11
    78 | D:1      | Reached skill level 3 in Dodging
   148 | D:1      | Found a faded altar of an unknown god.
   151 | D:1      | Reached XP level 2. HP: 14/14 MP: 3/3
   666 | D:1      | 666 ||| UPGRADING to +2 cloak.
   671 | D:1      | 671 ||| DROPPING ring of wizardry.
   672 | D:1      | 672 ||| READING scroll labelled FUETODANEKK.
   673 | D:1      | 673 ||| READING scroll labelled CUCELAT QIOKLE.
   673 | D:1      | 673 ||| ENCHANTING +0 shortbow.
   674 | D:1      | 674 ||| READING scroll labelled BUMAFFIROI.
   675 | D:1      | 675 ||| READING scroll labelled ROIFOPSEUXE.
   676 | D:1      | 676 ||| DROPPING scroll of butterflies.
   713 | D:2      | 713 ||| STAIRDANCE
   725 | D:1      | Reached XP level 3. HP: 15/18 MP: 4/4
   831 | D:2      | 831 ||| FLEEEEING.
   832 | D:2      | 832 ||| FLEEEEING.
   834 | D:2      | 834 ||| FLEEEEING.
   836 | D:2      | 836 ||| FLEEEEING.
   931 | D:2      | 931 ||| FLEEEEING.
   932 | D:2      | 932 ||| FLEEEEING.
   933 | D:2      | 933 ||| FLEEEEING.
   934 | D:2      | 934 ||| FLEEEEING.
   935 | D:2      | 935 ||| FLEEEEING.
   936 | D:2      | 936 ||| FLEEEEING.
   937 | D:2      | 937 ||| FLEEEEING.
   938 | D:2      | 938 ||| FLEEEEING.
   939 | D:2      | 939 ||| FLEEEEING.
   940 | D:2      | 940 ||| FLEEEEING.
   941 | D:2      | 941 ||| FLEEEEING.
   942 | D:2      | 942 ||| FLEEEEING.
   943 | D:2      | 943 ||| FLEEEEING.
   944 | D:2      | 944 ||| FLEEEEING.
   945 | D:2      | 945 ||| FLEEEEING.
   947 | D:2      | 947 ||| FLEEEEING.
   948 | D:2      | 948 ||| FLEEEEING.
   949 | D:2      | 949 ||| FLEEEEING.
   951 | D:2      | 951 ||| FLEEEEING.
   952 | D:2      | 952 ||| FLEEEEING.
   953 | D:2      | 953 ||| FLEEEEING.
   955 | D:2      | 955 ||| FLEEEEING.
   956 | D:2      | 956 ||| FLEEEEING.
   957 | D:2      | 957 ||| FLEEEEING.
   959 | D:2      | 959 ||| FLEEEEING.
   960 | D:2      | 960 ||| FLEEEEING.
   961 | D:2      | 961 ||| FLEEEEING.
   969 | D:2      | Reached skill level 5 in Ranged Weapons
  1031 | D:2      | 1031 ||| RETREEEEATING.
  1036 | D:2      | 1036 ||| RETREEEEATING.
  1037 | D:2      | 1037 ||| RETREEEEATING.
  1040 | D:2      | 1040 ||| RETREEEEATING.
  1041 | D:2      | 1041 ||| RETREEEEATING.
  1045 | D:2      | 1045 ||| RETREEEEATING.
  1046 | D:2      | 1046 ||| RETREEEEATING.
  1047 | D:2      | 1047 ||| RETREEEEATING.
  1048 | D:2      | 1048 ||| RETREEEEATING.
  1049 | D:2      | 1049 ||| RETREEEEATING.
  1051 | D:2      | 1051 ||| RETREEEEATING.
  1056 | D:2      | 1056 ||| RETREEEEATING.
  1058 | D:2      | Reached XP level 4. HP: 11/22 MP: 5/5
  1058 | D:2      | Slain by a gnoll

Levels and vault maps discovered:
D:1:      lemuel_arrival_funnel, layout_loops_ring,
          shapermc_ecumenical_altar_starsandcircs
D:2:      layout_rooms, st_stairs_7, minmay_misc_feat_pillars

Skill      XL: |  1  2  3 |
---------------+----------+-----
Dodging        | 3 4 |  4.4
Ranged Weapons | 5 |  5.0
Fighting       | |  1.5
Stealth        | |  1.5

Action                     |  1- 3 |  4- 6 || total
---------------------------+-------+-------++-------
   Fire: Shortbow          |   124 |     1 ||   125
    Use: Scroll            |     4 |       ||     4
 Armour: Robe              |    16 |     1 ||    17
  Dodge: Dodged            |    41 |       ||    41

Table legend:
 A = Non-vault XP
 B = Vault XP
 C = Vault XP percentage of total XP
 D = Non-vault monster count
 E = Vault monster count
 F = Vault count percentage of total count
                 A         B        C        D         E       F
            +---------+---------+-------+---------+---------+-------
      Total |     107 |       1 |   0.9 |      43 |       1 |   2.3
            +---------+---------+-------+---------+---------+-------
        D:1 |      50 |       0 |   0.0 |      25 |       0 |   0.0
        D:2 |      57 |       1 |   1.7 |      18 |       1 |   5.3
            +---------+---------+-------+---------+---------+-------
